 Dungeon Crawl Stone Soup version 0.21-a0-265-gb353147 (webtiles) character file.

1341 sugarf the Arsonist (level 8, -1/56 HPs)
             Began as an Octopode Fire Elementalist on Sept 10, 2017.
             Was a Follower of Vehumet.
             Slain by a centaur (6 damage)
             ... on level 5 of the Dungeon.
             The game lasted 00:15:08 (6514 turns).

sugarf the Arsonist (Octopode Fire Elementalist)    Turns: 6514, Time: 00:15:09

Health: -1/56      AC:  1    Str:  7    XL:     8   Next: 62%
Magic:  11/16      EV: 13    Int: 23    God:    Vehumet [*.....]
Gold:   119        SH:  0    Dex: 13    Spells: 3/18 levels left

rFire    . . .     SeeInvis .   h - +2 dagger (venom)
rCold    . . .     Gourm    .   (no shield)
rNeg     . . .     Faith    .   (helmet restricted)
rPois    .         Spirit   .   n - amulet of regeneration
rElec    .         Reflect  .   p - +4 ring of intelligence
rCorr    .         Harm     .   (no ring)
MR       .....                  (no ring)
Stlth    +++.......             (no ring)
HPRegen  0.58/turn              (no ring)
MPRegen  0.15/turn              (no ring)
                                (no ring)
                                (no ring)

@: very slightly contaminated, hasted, very quick
A: almost no armour, stealthy swim, amphibious, 8 rings, constrict 8, camouflage
1, gelatinous body 1
a: Renounce Religion


You were on level 5 of the Dungeon.
You worshipped Vehumet.
Vehumet was aware of your devotion.
You were very hungry.

You visited 2 branches of the dungeon, and saw 6 of its levels.
You also visited: Ossuary.

You collected 209 gold pieces.
You spent 90 gold pieces at shops.

Inventory:

Hand Weapons
 c - a +0 dagger
 h - a +2 dagger of venom (weapon)
Missiles
 g - 60 sling bullets
 l - 153 stones (quivered)
Jewellery
 n - an amulet of regeneration (around mantle)
 p - a +4 ring of intelligence (left tentacle)
Scrolls
 d - a scroll of remove curse {unknown}
 j - 3 scrolls of identify
 o - a scroll of noise {unknown}
 s - a scroll of recharging {unknown}
 t - a scroll of enchant armour
 u - a scroll of teleportation
 x - a scroll of fear {unknown}
 y - a scroll of random uselessness {unknown}
Potions
 f - 3 potions of haste
 i - 3 potions of flight
 m - 3 potions of brilliance
 r - a potion of might
 z - 2 potions of agility
 A - a potion of cancellation
Books
 a - a book of Flames

   Spells                             Type                      Level
   a - Flame Tongue                   Conjuration/Fire             1
   b - Throw Flame                    Conjuration/Fire             2
   c - Conjure Flame                  Conjuration/Fire             3
   d - Inner Flame                    Hexes/Fire                   3
   e - Sticky Flame                   Conjuration/Fire             4
   f - Fireball                       Conjuration/Fire             5
Comestibles
 b - 4 bread rations
 w - a meat ration


   Skills:
 + Level 5.4 Fighting
 - Level 2.0 Dodging
 - Level 2.6 Stealth
 + Level 5.6 Spellcasting
 * Level 8.7 Conjurations
 * Level 9.2 Fire Magic


You had 3 spell levels left.
You knew the following spells:

 Your Spells              Type           Power        Failure   Level  Hunger
a - Flame Tongue          Conj/Fire      #####        1%          1    None
b - Throw Flame           Conj/Fire      #####.       1%          2    None
c - Sticky Flame          Conj/Fire      #####...     2%          4    ###....
d - Fireball              Conj/Fire      #####.....   6%          5    #####..
e - Conjure Flame         Conj/Fire      #####...     1%          3    #......


Dungeon Overview and Level Annotations

Branches:
Dungeon (5/15)             Temple (1/1) D:4

Altars:
Cheibriados
Dithmenos
Fedhas
Gozag
Hepliaklqana
Kikubaaqudgha
Makhleb
Nemelex Xobeh
Okawaru
Qazlal
Ru
Sif Muna
Trog
Uskayaw
Vehumet
Wu Jian
Yredelemnul
Zin
The Shining One


Innate Abilities, Weirdness & Mutations

You cannot wear most types of armour.
You are very stealthy in the water. (Stealth+)
You are amphibious.
You can wear up to eight rings at the same time.
You can use your tentacles to constrict eight enemies at once.
Your skin changes colour to match your surroundings (Stealth+).
Your rubbery body absorbs attacks. (AC +1, EV +1)


Message History

Press: ? - help, Shift-Dir - straight line, f - centaur
Aim: a centaur You throw a throwing net.
The throwing net hits the centaur.
The centaur is caught in the net!
You strike the helpless centaur from behind!
You puncture the centaur! You squeeze the centaur.
The centaur is heavily wounded.
The centaur struggles against the net.
You hit the centaur.
The centaur is poisoned.
You squeeze the centaur.
The centaur is severely wounded.
The centaur struggles against the net.
You hit the centaur.
The centaur looks as sick as possible!
The centaur is almost dead.
The centaur struggles against the net.
The net rips apart, and the centaur comes free!
You hit the centaur.
The centaur looks as sick as possible!
Your squeeze misses the centaur.
The centaur is almost dead.
The centaur hits you.
You die...

#### ####...## #.#.###
.......## #.....##
##.......## .<....#.
#.........# #......
#..@/.....# ####.....
###.c.......#
...$..#.####............
..P(P........s.......###
..._.....###§.........(
..PsPc(.§§§§§....#######
#..†....§#####...#
###.....## ##.## #.#####
#.#


You could see a centaur and a scorpion.

Vanquished Creatures
  Grinder (D:5)
  Prince Ribbit (D:5)
  5 water moccasin zombies (Ossuary)
  A human zombie (D:5)
  Crazy Yiuf (D:4)
  3 hounds (D:5)
  An iguana (D:5)
  Ijyb (D:5)
  4 big kobold zombies (Ossuary)
  2 mummies (Ossuary)
  A worker ant zombie (D:5)
  8 adders
  An ooze (D:2)
  2 adder zombies (Ossuary)
  4 worms
  2 dart slugs
  3 leopard geckos
  3 orcs (D:4)
  3 giant cockroaches
  2 gnoll zombies (Ossuary)
  6 hobgoblins
  12 jackals
  A quokka (D:3)
  2 ball pythons
  7 bats
  6 frilled lizards
  6 goblins
  8 hobgoblin zombies (Ossuary)
  6 kobolds
  4 kobold zombies (Ossuary)
  An orc zombie (Ossuary)
  A quokka skeleton (D:5)
  A rat (D:3)
110 creatures vanquished.

Notes
Turn   | Place    | Note
-------+----------+-------------------------------------------
     0 | D:1      | sugarf the Octopode Fire Elementalist began the quest for the Orb.
     0 | D:1      | Reached XP level 1. HP: 11/11 MP: 3/3
   446 | D:1      | Reached XP level 2. HP: 12/17 MP: 1/5
   531 | D:1      | Learned a level 2 spell: Throw Flame
  1502 | D:1      | Reached XP level 3. HP: 21/21 MP: 6/6
  1901 | D:2      | Reached skill level 4 in Fire Magic
  1901 | D:2      | Reached XP level 4. HP: 10/27 MP: 2/7
  2417 | D:2      | Learned a level 4 spell: Sticky Flame
  3134 | D:3      | Noticed Grinder
  3138 | D:3      | Paralysed by Grinder for 3 turns
  3166 | D:3      | Found Zin's Purification Station.
  3168 | D:3      | Found a glowing silver altar of Zin.
  3174 | D:3      | Bought a potion of curing for 90 gold pieces
  3345 | D:3      | Found a hide-covered altar of Uskayaw.
  3349 | D:3      | Noticed a hand axe
  3349 | D:3      | Noticed a dagger
  4166 | D:3      | Reached XP level 5. HP: 31/31 MP: 8/8
  4226 | D:3      | Found an iron altar of Okawaru.
  4462 | D:4      | Found a staircase to the Ecumenical Temple.
  4555 | Temple   | Entered the Ecumenical Temple
  4619 | Temple   | Became a worshipper of Vehumet
  4719 | D:4      | Found a shadowy altar of Dithmenos.
  5051 | D:4      | Found a sacrificial altar of Ru.
  5162 | D:4      | Found a runed door.
  5309 | D:4      | Noticed Crazy Yiuf
  5326 | D:4      | Killed Crazy Yiuf
  5625 | D:4      | Found an ornate altar of the Wu Jian Council.
  5710 | D:5      | Entered Level 5 of the Dungeon
  5729 | D:5      | Reached skill level 1 in Fighting
  5776 | D:5      | Reached XP level 6. HP: 38/38 MP: 5/10
  5813 | D:5      | Reached skill level 5 in Fighting
  5813 | D:5      | Reached skill level 5 in Spellcasting
  5813 | D:5      | Reached skill level 8 in Fire Magic
  5813 | D:5      | Reached XP level 7. HP: 17/50 MP: 2/15
  5818 | D:5      | Killed Grinder
  5855 | D:5      | Learned a level 5 spell: Fireball
  5859 | D:5      | Learned a level 3 spell: Conjure Flame
  5873 | D:5      | Found a sand-covered staircase.
  5889 | Ossuary  | Entered an ossuary
  5988 | Ossuary  | Reached skill level 9 in Fire Magic
  6131 | Ossuary  | Reached XP level 8. HP: 50/55 MP: 7/16
  6234 | Ossuary  | Reached * piety under Vehumet
  6234 | Ossuary  | Offered knowledge of Sandblast by Vehumet.
  6453 | D:5      | Noticed Prince Ribbit
  6457 | D:5      | Found a basalt altar of Yredelemnul.
  6464 | D:5      | Noticed Ijyb
  6472 | D:5      | Killed Ijyb
  6501 | D:5      | Killed Prince Ribbit
  6514 | D:5      | Slain by a centaur

Vault maps used:
D:1:      roderic_crop_circles_arrival_small
D:2:      first_bread, kennysheep_path_1
D:3:      nicolae_overflow_hidden_temple, zin_purify, dancing_weapons_uskayaw,
          lemuel_doored_altar, amethyst_killhole, uniq_grinder
D:4:      nicolae_dithmenos_shadow_blocks, lemuel_crystal_altar,
          lemuel_round_altar, minmay_temple_entry_grid, uniq_crazy_yiuf_cottage
D:5:      yredelemnul_altar_generic, enter_ossuary_3, abandoned_shop, uniq_ijyb,
          uniq_prince_ribbit1
Temple:   minmay_temple_bridge_abc
Ossuary:  ossuary_tomb_2

Skill      XL: |  1  2  3  4  5  6  7 |
---------------+----------------------+-----
Conjurations   | 2 3 8 |  8.7
Fire Magic     | 4 8 9 |  9.2
Fighting       | 1 5 |  5.4
Spellcasting   | 5 |  5.6
Dodging        | |  2.0
Stealth        | |  2.6

Action                   |  1- 3 |  4- 6 |  7- 9 || total
-------------------------+-------+-------+-------++-------
Melee: Dagger            |    53 |    74 |    90 ||   217
       Constrict         |    14 |    19 |    28 ||    61
       Tentacles         |     7 |    13 |    21 ||    41
       Unarmed           |     1 |       |       ||     1
Throw: Throwing net      |       |       |     1 ||     1
 Cast: Flame Tongue      |    17 |    22 |    11 ||    50
       Throw Flame       |     4 |    13 |       ||    17
       Sticky Flame      |       |     6 |     3 ||     9
       Conjure Flame     |       |       |     6 ||     6
       Fireball          |       |       |     3 ||     3
  Use: Potion            |     3 |     8 |     2 ||    13
       Scroll            |       |       |     8 ||     8
 Stab: Sleeping          |     7 |    12 |     1 ||    20
       Invisible         |       |       |     2 ||     2
       Held in net/web   |       |       |     1 ||     1
  Eat: Chunk             |     3 |     8 |       ||    11
       Meat ration       |       |     1 |       ||     1
       Bread ration      |       |       |     1 ||     1
Armor: Skin              |     2 |    16 |     2 ||    20
Dodge: Dodged            |    41 |    52 |    49 ||   142

Table legend:
 A = Spawn XP
 B = Non-spawn XP
 C = Spawn XP percentage of total XP
 D = Spawn monster count
 E = Non-spawn monster count
 F = Spawn count percentage of total count
 G = Total turns spent on level
                    A         B        C        D         E        F      G
               +---------+---------+-------+---------+---------+-------+---------
         Total |       0 |    1583 |   0.0 |       0 |     109 |   0.0 |  6514
               +---------+---------+-------+---------+---------+-------+---------
           D:1 |       0 |      36 |   0.0 |       0 |      19 |   0.0 |  1727
           D:2 |       0 |     102 |   0.0 |       0 |      24 |   0.0 |  1371
           D:3 |       0 |      35 |   0.0 |       0 |      17 |   0.0 |  1364
           D:4 |       0 |      88 |   0.0 |       0 |      10 |   0.0 |  1163
           D:5 |       0 |     752 |   0.0 |       0 |      12 |   0.0 |   255
       Ossuary |       0 |     570 |   0.0 |       0 |      27 |   0.0 |   549
               +---------+---------+-------+---------+---------+-------+---------
